 Dungeon Crawl Stone Soup version 0.19-a0-1740-g0bcaf2e (webtiles) character file.

3392 gottagoquickly the Grappler (level 9, -2/88 HPs)
             Began as a Troll Skald on Oct 1, 2016.
             Was a Follower of Ashenzari.
             Slain by a manticore (13 damage)
             ... on level 10 of the Dungeon.
             The game lasted 00:22:16 (3519 turns).

gottagoquickly the Grappler (Troll Skald)           Turns: 3519, Time: 00:22:20

Health: -2/88      AC:  9    Str: 22    XL:     9   Next: 75%
Magic:  9/9        EV:  9    Int: 11    God:    Ashenzari [*.....]
Gold:   409        SH:  0    Dex:  9    Spells: 2 memorised, 5 levels left

rFire  . . .     SeeInvis +       - Unarmed
rCold  + . .     Gourm    +     c - +2 robe {rC+}
rNeg   . . .     Faith    .     (no shield)
rPois  .         Spirit   .     f - +2 hat (curse)
rElec  .         Dismiss  .     (no cloak)
rCorr  .         Reflect  .     (gloves unavailable)
MR     .....     Harm     .     (boots unavailable)
Stlth  +.........               (no amulet)
                                r - ring of see invisible
                                n - +1 ring of slaying

@: no status effects
A: unfitting armour, claws 3, fast metabolism 3, gourmand, regeneration 1,
shaggy fur 1, tough skin 2
a: Curse Item, Scrying, Renounce Religion


You were on level 10 of the Dungeon.
You worshipped Ashenzari.
Ashenzari was aware of your devotion.
You were very full.

You visited 1 branch of the dungeon, and saw 10 of its levels.
You also visited: Bailey.

You collected 409 gold pieces.

Inventory:

Missiles
 p - 3 javelins
 u - 2 steel javelins (quivered)
Armour
 c - a +2 robe of cold resistance (worn)
 f - a cursed +2 hat (worn)
Rods
 o - a +0 lightning rod (9/9)
   (You found it on level 7 of the Dungeon)
Jewellery
 n - a +1 ring of slaying (left claw)
 r - a ring of see invisible (right claw)
Wands
 t - a wand of enslavement (17/24)
Scrolls
 k - a scroll of blinking {unknown}
 l - a scroll of magic mapping {unknown}
 s - a scroll of immolation {unknown}
Potions
 e - 4 potions of curing
 h - 2 potions of brilliance
 q - a potion of mutation {unknown}
Books
 b - a book of Battle

   Spells                             Type                      Level
   a - Infusion                       Charms                       1
   b - Shroud of Golubria             Charms/Translocation         2
   c - Song of Slaying                Charms                       2
   d - Spectral Weapon                Hexes/Charms                 3
   e - Regeneration                   Charms/Necromancy            3
 i - a book of Maledictions

   Spells                             Type                      Level
   a - Corona                         Hexes                        1
   b - Ensorcelled Hibernation        Hexes/Ice                    2
   c - Confuse                        Hexes                        3
   d - Tukima's Dance                 Hexes                        3
   e - Dazzling Spray                 Conjuration/Hexes            3
Comestibles
 a - 10 chunks of flesh
 d - 5 bread rations
 g - a royal jelly
 j - 2 meat rations
 m - 4 fruits


   Skills:
 * Level 5.0 Fighting
 + Level 1.2 Dodging
 - Level 12.4 Unarmed Combat
 - Level 1.2 Spellcasting
 - Level 2.0 Charms


You had 5 spell levels left.
You knew the following spells:

 Your Spells              Type           Power        Failure   Level  Hunger
a - Song of Slaying       Chrm           #.......     24%         2    ###....
q - Regeneration          Chrm/Necr      #.........   73%         3    ####...


Dungeon Overview and Level Annotations

Branches:
Dungeon (10/15)            Temple (0/1) D:6
   Lair: D:8-11         Orc: D:9-12

Altars:
Ashenzari
Fedhas
Gozag
Makhleb
Okawaru
Trog
Xom

Shops:
D:10 }

Annotations:
D:3 Edmund; Ruebezahl's ghost, amateur DECj
D:4 Ruebezahl's ghost, amateur DECj
D:5 Sar's ghost, amateur DgAM


Innate Abilities, Weirdness & Mutations

You are too large for most types of armour.
You have claws for hands.
Your metabolism is lightning-fast.
You like to eat raw meat.
Your natural rate of healing is unusually fast.
You are covered in fur. (AC +1)
You have very tough skin. (AC +2)


Message History

The manticore bites you! The manticore claws you. The manticore claws you!
You claw the manticore!
The manticore is severely wounded.
You scratch the manticore but do no damage.
The manticore is severely wounded.
The manticore bites you!!
The manticore claws you but does no damage.
The manticore barely misses you.
You scratch the manticore.
The manticore is severely wounded.
The manticore barely misses you. The manticore claws you.
The manticore closely misses you.
You barely miss the manticore.
The manticore is severely wounded.
The manticore bites you!
* * * LOW HITPOINT WARNING * * *
The manticore claws you.
* * * LOW HITPOINT WARNING * * *
The manticore claws you!
You die...

# . ≈. .(. ... #####
#.# <...#
###+######..#
....#####.......@H.#
........#.........##
....###.#.........#
....# +.........#
....# #......?..#
##### #.........+ #
#.........# #
##'######## ###
#...#


You could see a manticore.

Vanquished Creatures
  Psyche (D:9)
  A two-headed ogre (D:10)
  Grinder (D:4)
  Sigmund (D:6)
  Eustachio (D:5)
  2 orc warriors
  3 sky beasts
  A black bear (D:9)
  A phantom (D:4)
  2 ogres
  A necrophage (D:6)
  2 centaurs
  Blork the orc (D:6)
  2 bullfrogs
  2 big kobolds (D:8)
  3 killer bees (D:8)
  A howler monkey (D:5)
  5 wights (D:7)
  A crimson imp (D:6)
  2 centaur zombies
  3 bullfrog zombies
  A hound (D:4)
  An orc priest (D:3)
  An iguana (D:5)
  Ijyb (D:4)
  4 orc wizards
  A worker ant (D:3)
  A hound skeleton (D:4)
  4 gnolls (D:9)
  4 adders
  2 shadow imps
  An adder zombie (D:6)
  An adder skeleton (D:6)
  3 worms (D:2)
  A dart slug (D:1)
  5 leopard geckos
  18 orcs
  4 giant cockroaches
  A hobgoblin (D:3)
  11 jackals
  A quokka (D:4)
  2 bats (D:1)
  3 frilled lizards
  13 goblins
  A jackal zombie (D:6)
  10 kobolds
  2 quokka zombies (D:6)
  9 rats
143 creatures vanquished.

Notes
Turn   | Place    | Note
-------+----------+-------------------------------------------
     0 | D:1      | gottagoquickly the Troll Skald began the quest for the Orb.
     0 | D:1      | Reached XP level 1. HP: 19/19 MP: 1/1
   319 | D:2      | Reached XP level 2. HP: 27/27 MP: 2/2
   398 | D:2      | Reached skill level 3 in Unarmed Combat
   537 | D:3      | Noticed Ruebezahl's ghost (amateur DECj)
   664 | D:3      | Found a shattered altar of Ashenzari.
   664 | D:3      | Found a blossoming altar of Fedhas.
   664 | D:3      | Found a bloodstained altar of Trog.
   685 | D:3      | Became a worshipper of Ashenzari the Shackled
   754 | D:4      | Noticed Ruebezahl's ghost (amateur DECj)
   764 | D:3      | Reached skill level 4 in Unarmed Combat
   764 | D:3      | Reached XP level 3. HP: 30/33 MP: 3/3
   892 | D:2      | Reached XP level 4. HP: 41/41 MP: 4/4
  1101 | D:4      | Noticed Grinder
  1168 | D:4      | Noticed Edmund
  1169 | D:4      | great
  1174 | D:4      | great
  1174 | D:4      | very avoidable
  1174 | D:4      | i suppose i should've fought that player ghost instead
  1175 | D:4      | Paralysed by Grinder for 5 turns
  1192 | D:4      | Killed Grinder
  1192 | D:4      | Reached skill level 6 in Unarmed Combat
  1192 | D:4      | Reached XP level 5. HP: 17/48 MP: 5/5
  1192 | D:4      | Reached XP level 6. HP: 19/55 MP: 6/6
  1250 | D:4      | oh
  1328 | D:4      | i didn't think i'd survive this
  1366 | D:4      | Reached skill level 7 in Unarmed Combat
  1520 | D:5      | Entered Level 5 of the Dungeon
  1559 | D:4      | Found an opulent altar of Gozag.
  1596 | D:5      | Noticed Sar's ghost (amateur DgAM)
  1667 | D:5      | Noticed Eustachio
  1679 | D:5      | Reached XP level 7. HP: 56/62 MP: 7/7
  1684 | D:5      | Killed Eustachio
  1684 | D:5      | Reached skill level 8 in Unarmed Combat
  2065 | D:4      | Noticed Ijyb
  2075 | D:4      | Killed Ijyb
  2075 | D:4      | Reached skill level 9 in Unarmed Combat
  2313 | D:6      | Noticed Blork the orc
  2340 | D:6      | Killed Blork the orc
  2340 | D:6      | Reached XP level 8. HP: 46/70 MP: 8/8
  2365 | D:6      | Gained mutation: Your spells are a little harder to cast, but a little more powerful. [mutagenic meat]
  2368 | D:6      | Gained mutation: You are dopey. (Int -2) [mutagenic meat]
  2371 | D:6      | Gained mutation: You expend magic power (3 MP) to strengthen your wands. [mutagenic meat]
  2374 | D:6      | Gained mutation: Your body sometimes deteriorates upon taking damage. [mutagenic meat]
  2377 | D:6      | Gained mutation: You occasionally shout uncontrollably at your foes. [mutagenic meat]
  2380 | D:6      | Lost mutation: You expend magic power (3 MP) to strengthen your wands. [mutagenic meat]
  2408 | D:6      | Reached skill level 10 in Unarmed Combat
  2438 | D:5      | Reached * piety under Ashenzari
  2469 | D:5      | Reached skill level 2 in Fighting
  2555 | D:7      | Gained mutation: Your skin changes colour to match your surroundings (Stealth+). [mutagenic meat]
  2561 | D:7      | Gained mutation: You are frail. (-10% HP) [mutagenic meat]
  2564 | D:7      | Lost mutation: Your spells are a little harder to cast, but a little more powerful. [mutagenic meat]
  2564 | D:7      | so many good things
  2641 | D:6      | Noticed Sigmund
  2671 | D:6      | Reached skill level 3 in Fighting
  2743 | D:6      | Lost mutation: You are frail. (-10% HP) [potion of cure mutation]
  2743 | D:6      | Lost mutation: Your body sometimes deteriorates upon taking damage. [potion of cure mutation]
  2743 | D:6      | Lost mutation: You occasionally shout uncontrollably at your foes. [potion of cure mutation]
  2743 | D:6      | Lost mutation: Your skin changes colour to match your surroundings (Stealth+). [potion of cure mutation]
  2743 | D:6      | Lost mutation: You are dopey. (Int -2) [potion of cure mutation]
  2749 | D:6      | Reached skill level 11 in Unarmed Combat
  2756 | D:6      | Killed Sigmund
  2756 | D:6      | Reached XP level 9. HP: 15/83 MP: 9/9
  2794 | D:6      | Found an iron altar of Okawaru.
  2797 | D:6      | Found a staircase to the Ecumenical Temple.
  3069 | D:8      | Reached skill level 4 in Fighting
  3092 | D:8      | Learned a level 3 spell: Regeneration
  3095 | D:8      | Learned a level 2 spell: Song of Slaying
  3106 | D:9      | Noticed Psyche
  3120 | D:9      | Killed Psyche
  3211 | D:9      | Reached skill level 12 in Unarmed Combat
  3249 | D:9      | Found a flagged portal.
  3255 | Bailey   | Entered a bailey
  3259 | D:9      | impossible with this EV
  3259 | D:9      | :/
  3282 | D:9      | Found a shimmering altar of Xom.
  3288 | D:9      | Found a burning altar of Makhleb.
  3334 | D:10     | Entered Level 10 of the Dungeon
  3351 | D:10     | Found Luffejom's Gadget Shoppe.
  3441 | D:10     | Reached skill level 5 in Fighting
  3509 | D:10     | Noticed a manticore
  3519 | D:10     | Slain by a manticore

Vault maps used:
D:1:      lordsloth_arrival_two_stooges
D:2:      minmay_misc_feat_iff
D:3:      gammafunk_temple_overflow_forgotten
D:4:      kennysheep_goblin_castle, nicolae_overflow_crystal_walls,
          minmay_rat_hole, uniq_grinder, uniq_edmund
D:5:      grunt_temple_overflow_holy_war, first_bread, columned_hall_lemuel,
          nicolae_ru_the_path_less_chosen, uniq_eustachio, uniq_menkaure,
          uniq_prince_ribbit1
D:6:      okawaru_ov_weapons_minmay, serial_undead, serial_undead_a,
          serial_undead_e, serial_undead_c, serial_undead_b, uniq_blork_the_orc,
          uniq_sigmund
D:7:      corexii_shack_village
D:8:      lemuel_doored_altar
D:9:      kennysheep_little_box, old_standard_altar, bloody_makhleb,
          enter_bailey_3, uniq_psyche
D:10:     erik_lair_island, hangedman_fish_farm, serial_bayou_pond_a,
          kennysheep_windowed_goal
Bailey:   bailey_polearm_flooded_kennysheep, bailey

Skill      XL: |  1  2  3  4  5  6  7  8  9 |
---------------+----------------------------+-----
Unarmed Combat | 4 6 7 9 11 12 | 12.4
Fighting       | 3 5 |  5.0
Dodging        | |  1.2
Spellcasting   | |  1.2
Charms         | |  2.0

Action                   |  1- 3 |  4- 6 |  7- 9 || total
-------------------------+-------+-------+-------++-------
Melee: Unarmed           |    56 |   101 |   268 ||   425
       Punch             |       |     2 |    10 ||    12
Throw: Javelin           |       |       |     2 ||     2
Invok: Curse Item        |       |       |     1 ||     1
  Use: Scroll            |       |     7 |     1 ||     8
       Potion            |       |     5 |     6 ||    11
 Stab: Sleeping          |     1 |       |       ||     1
       Invisible         |       |       |     3 ||     3
       Distracted        |       |       |     1 ||     1
  Eat: Chunk             |    13 |     3 |    32 ||    48
Armor: Robe              |    15 |    46 |   100 ||   161
Dodge: Dodged            |    29 |    40 |   117 ||   186
